 Dungeon Crawl Stone Soup version 0.28.0-47-ge53b351184 (webtiles) character file.

Game seed: 15339054635318259865

448 hawla the Stinger (level 6, -3/42 HPs)
             Began as a Draconian Venom Mage on Apr 25, 2022.
             Slain by a yak (6 damage)
             ... on level 3 of the Dungeon.
             The game lasted 00:16:01 (5270 turns).

hawla the Stinger (Draconian Venom Mage)            Turns: 5270, Time: 00:16:01

Health: -3/42      AC:  8    Str: 10    XL:     6   Next: 73%
Magic:  5/12       EV: 12    Int: 17    God:
Gold:   146        SH:  5    Dex: 12    Spells: 4/13 levels left

rFire   . . .      SeeInvis .   f - +0 quarterstaff
rCold   . . .      Faith    .   (shield currently unavailable)
rNeg    + . .      Spirit   .   (armour unavailable)
rPois   +          Reflect  +   (helmet restricted)
rElec   .          Harm     .   (no cloak)
rCorr   +          Rampage  .   k - +0 pair of gloves
Will    .....                   m - +0 pair of boots
Stlth   ++++......              b - amulet "Xoyvvos" {Reflect Contam rPois rN+ rCorr SH+5}
HPRegen 0.14/turn               h - ring of Shadows {Umbra +Inv Stlth+}
MPRegen 0.13/turn               (no ring)

@: very slightly contaminated, wreathed by umbra
A: AC +6, unfitting armour, cold-blooded, frail 1, poison resistance
a: Evoke Invisibility


You were on level 3 of the Dungeon.
You visited 1 branch of the dungeon, and saw 4 of its levels.

You collected 146 gold pieces.

Inventory:

Hand Weapons
 f - a +0 quarterstaff (weapon)
Missiles
 a - 7 poisoned darts (quivered)
 i - 6 atropa-tipped darts
Armour
 k - a +0 pair of gloves (worn)
 m - a +0 pair of boots (worn)
Jewellery
 b - the amulet "Xoyvvos" (around neck) {Reflect Contam rPois rN+ rCorr SH+5}
   (You found it on level 2 of the Dungeon)

   [amulet of reflection]

   It reflects blocked missile attacks.
   rPois:     It protects you from poison.
   rN:        It protects you from negative energy.
   Contam:    It causes magical contamination when unequipped.
   rCorr:     It protects you from acid and corrosion.
   SH:        It affects your SH (+5).
 h - the ring of Shadows (left hand) {Umbra +Inv Stlth+}
   (You found it on level 2 of the Dungeon)

   [ring of stealth]

   It surrounds you with an aura of shadow, increasing your stealth and reducing
   the accuracy of all others within it.
   +Inv:      It lets you turn invisible.
   Stlth:     It makes you more stealthy.
 l - a ring of fire
Scrolls
 c - a scroll of fog {unknown}
 j - a scroll of enchant armour {unknown}
 o - a scroll of torment {unknown}
 p - a scroll of teleportation {unknown}
Potions
 d - a potion of invisibility
 e - 4 potions of curing
 g - a potion of attraction {unknown}
 n - a potion of ambrosia {unknown}
 q - 2 potions of heal wounds


   Skills:
 + Level 1.2 Fighting
 + Level 1.8 Staves
 + Level 0.3 Throwing
 + Level 2.3 Dodging
 + Level 2.9 Stealth
 + Level 1.0 Shields
 + Level 4.0 Spellcasting
 + Level 1.0 Transmutations
 + Level 1.1 Air Magic
 + Level 4.7 Poison Magic


You had 4 spell levels left.
You knew the following spells:

 Your Spells              Type           Power      Damage    Failure   Level
a - Sting                 Tmut/Pois      52%        1d5       4%          1
b - Poisonous Vapours     Pois/Air       26%        N/A       7%          2
c - Blink                 Tloc           6%         N/A       24%         2
d - Olgreb's Toxic Radia  Pois           19%        N/A       22%         4

Your spell library contained the following spells:

 Spells                   Type           Power      Damage    Failure   Level
 Mephitic Cloud           Conj/Pois/Air  10%        N/A       22%         3
 Confusing Touch          Hex            3%         N/A       43%         3
 Ozocubu's Armour         Ice            3%         N/A       43%         3
 Leda's Liquefaction      Hex/Erth       1%         N/A       83%         4
 Yara's Violent Unravell  Hex/Tmut       2%         3d3       98%         5
 Lee's Rapid Deconstruct  Erth           1%         3d5*      99%         5
 Manifold Assault         Tloc           3%         N/A       99%         5
 Statue Form              Tmut/Erth      3%         N/A       100%        6
 Enfeeble                 Hex            1%         N/A       100%        7
 Ozocubu's Refrigeration  Ice            1%         4d5       100%        7
 Storm Form               Tmut/Air       3%         N/A       100%        7


Dungeon Overview and Level Annotations

Branches:
Dungeon (4/15)
 Temple: D:4-7

Altars:
Cheibriados

Shops:
D:3 (

Annotations:
D:3 3 runed translucent doors, ShadowYui's ghost, amateur HuFi


Innate Abilities, Weirdness & Mutations

Your plain brown scales are hard. (AC +6)
You cannot fit into any form of body armour.
You are cold-blooded and may be slowed by cold attacks.
You are frail. (-10% HP)
Your system is resistant to poisons. (rPois)


Message History

A ball python comes into view.
You see here 9 gold pieces.
You now have 146 gold pieces (gained 9).
A yak comes into view.
A yak comes into view.
There is a stone staircase leading up here.
The yak bellows!
You hear a bellow!
Casting: Olgreb's Toxic Radiance (quite dangerous; 22% risk of failure)
Confirm with . or Enter, or press ? or * to list all spells.
The spell is quite dangerous to miscast (22% risk of failure)!
Continue anyway?
You miscast Olgreb's Toxic Radiance.
You are very lightly contaminated with residual magic.
You feel rather nauseous for a moment. You resist.
Casting: Olgreb's Toxic Radiance (quite dangerous; 22% risk of failure)
Confirm with . or Enter, or press ? or * to list all spells.
The spell is quite dangerous to miscast (22% risk of failure)!
Continue anyway?
You begin to radiate toxic energy.
The yak is poisoned. x3
The yak looks even sicker.
Your toxic aura wanes.
The yak misses you. The yak barely misses you.
You climb upwards.
Level annotation: 3 runed translucent doors, ShadowYui's ghost, amateur HuFi
There is a stone staircase leading down here.
You barely miss the yak.
The yak is lightly wounded.
The yak gores you!
You hit the yak but do no damage.
The yak is moderately wounded.
The yak gores you!
* * * LOW HITPOINT WARNING * * *
You block the yak's attack.
You hit the yak.
The yak is moderately wounded.
The yak gores you!
* * * LOW HITPOINT WARNING * * *
You hit the yak. You tail-slap the yak.
The yak is heavily wounded.
The yak gores you.
You die...

#.## ###.# ##...## #.###
#.# #...# ##'## #....
..# #.### #.# ##### ###
#.# #.# # # #.# ##.## #
# #.# ##...#### # #
##.## #.......# # #
#...#######...##.#######
#
#......@Y....#........>.
#
#...#######..#.#.#######
##### #....#.# #..###.#
#......# ##.##### ###
#.# ##.## #.# ##.#.##
######.#


You could see a yak (poisoned).

Vanquished Creatures
  Sigmund (D:2)
  An orc priest (D:4)
  Jessica (D:2)
  An orc wizard (D:4)
  2 hound skeletons (D:4)
  3 gnolls (D:2)
  8 adders
  2 worms (D:3)
  2 dart slugs
  6 orcs
  9 bats
  10 endoplasms
  2 giant cockroaches
  5 goblins
  8 hobgoblins
  8 kobolds
  4 quokkas
  4 ball pythons
  4 frilled lizards
  9 rats
90 creatures vanquished.

Notes
Turn   | Place    | Note
-------+----------+-------------------------------------------
     0 | D:1      | hawla the Draconian Venom Mage began the quest for the Orb.
     0 | D:1      | Reached XP level 1. HP: 14/14 MP: 3/3
   246 | D:1      | Reached XP level 2. HP: 3/20 MP: 0/5
   249 | D:1      | Learned a level 2 spell: Poisonous Vapours
  1195 | D:1      | Reached XP level 3. HP: 26/26 MP: 1/6
  1682 | D:2      | Identified the amulet "Xoyvvos" {Reflect Contam rPois rN+
                  | rCorr SH+5}
  1715 | D:2      | Noticed Jessica
  1722 | D:2      | Killed Jessica
  1723 | D:2      | Reached skill level 1 in Air Magic
  1876 | D:2      | Learned a level 2 spell: Blink
  1904 | D:2      | Found a snail-covered altar of Cheibriados.
  2102 | D:2      | Reached XP level 4. HP: 33/33 MP: 4/7
  2844 | D:2      | Noticed Sigmund
  2958 | D:2      | Killed Sigmund
  2959 | D:2      | Reached XP level 5. HP: 39/39 MP: 0/10
  3058 | D:2      | Learned a level 4 spell: Olgreb's Toxic Radiance
  3150 | D:2      | Reached skill level 1 in Fighting
  3310 | D:2      | Found the ring of Shadows {Umbra +Inv Stlth+}
  3431 | D:2      | Reached XP level 6. HP: 41/47 MP: 7/11
  3893 | D:3      | Gained mutation: You are frail. (-10% HP) [potion of
                  | mutation]
  3893 | D:3      | Gained mutation: Your system is resistant to poisons.
                  | (rPois) [potion of mutation]
  3982 | D:3      | Found Quecw's Antique Weapon Shoppe.
  4113 | D:3      | Reached skill level 1 in Staves
  4244 | D:3      | Found a faded altar of an unknown god.
  4305 | D:3      | Found a runed translucent gate.
  4306 | D:3      | Found a runed translucent gate.
  4306 | D:3      | Found a runed translucent gate.
  4328 | D:3      | Noticed ShadowYui's ghost (amateur HuFi)
  5134 | D:4      | Reached skill level 1 in Shields
  5250 | D:4      | Noticed a yak
  5256 | D:4      | Noticed a yak
  5257 | D:4      | Noticed a yak
  5270 | D:3      | Slain by a yak

Illustrated notes

Levels and vault maps discovered:
D:1:      lemuel_arrival_river_ford, layout_rooms, serial_curves,
          eino_curves_03, eino_curves_02, minmay_3d_cube
D:2:      minmay_skewed_foursquare, layout_basic, basic_altar,
          mrwooster_statue_mirror, serial_bayou_pond_e,
          corexii_leaking_fountain, uniq_jessica, uniq_sigmund
D:3:      layout_loops_corners, gammafunk_ghost_necromancy, serial_shops, shop,
          shapermc_ecumenical_altar_mp_highgroup, hangedman_abyss_or_decor_stabs
D:4:      layout_rooms

Skill      XL: |  1  2  3  4  5  6 |
---------------+-------------------+-----
Stealth        | 2 |  2.9
Poison Magic   | 4 |  4.7
Air Magic      | 1 |  1.1
Dodging        | 2 |  2.3
Spellcasting   | 3 4 |  4.0
Fighting       | 1 |  1.2
Staves         | 1 |  1.8
Shields        | 1 |  1.0
Throwing       | |  0.3
Transmutations | |  1.0

Action                   |  1- 3 |  4- 6 || total
-------------------------+-------+-------++-------
Melee: Unarmed           |    22 |       ||    22
       Tailslap          |     3 |    16 ||    19
       Quarterstaff      |     1 |   118 ||   119
Throw: Dart              |       |     3 ||     3
 Cast: Sting             |    39 |    20 ||    59
       Poisonous Vapours |    24 |    11 ||    35
       Blink             |     1 |     2 ||     3
       Olgreb's Toxic Ra |       |    11 ||    11
  Use: Scroll            |     1 |     4 ||     5
       Potion            |       |     1 ||     1
 Stab: Sleeping          |       |    11 ||    11
Armor: Skin              |    10 |    29 ||    39
Dodge: Dodged            |    19 |    93 ||   112
Block: Other             |       |    25 ||    25
